 Dungeon Crawl Stone Soup version 0.29.1-12-g30fa7ad0bf (webtiles) character file.

Game seed: 10274670693082204788

16 hawla the Chiller (level 3, -12/26 HPs)
             Began as a Meteoran Ice Elementalist on Jan 14, 2023.
             Mangled by an ogre
             ... wielding a +0 giant club
              (22 damage)
             ... on level 4 of the Dungeon.
             The game lasted 00:01:44 (257 turns).

hawla the Chiller (Meteoran Ice Elementalist)        Turns: 257, Time: 00:01:44

Health: -12/26     AC:  3    Str: 15    XL:     3   Next: 0%
Magic:  2/8        EV: 12    Int: 19    God:
Gold:   18         SH:  0    Dex: 14    Spells: 3/7 levels left

rFire   . . .      SeeInvis .   (no weapon)
rCold   . . .      Faith    .   (no shield)
rNeg    . . .      Spirit   .   a - +0 robe
rPois   .          Reflect  .   (no helmet)
rElec   .          Harm     .   (no cloak)
rCorr   .          Rampage  .   c - +0 pair of gloves
Will    .....                   (no boots)
Stlth   +.........              (no amulet)
HPRegen 0.08/turn               g - +6 ring of strength
MPRegen 0.11/turn               (no ring)

@: freezing walls, glowing
A: sense surroundings 1, otherworldly, glowing, explore regen
a: no special abilities


You were on level 4 of the Dungeon.
You visited 1 branch of the dungeon, and saw 4 of its levels.

You collected 18 gold pieces.

Inventory:

Armour
 a - a +0 robe (worn)
 c - a +0 pair of gloves (worn)
Jewellery
 g - a +6 ring of strength (left hand)
Scrolls
 d - a scroll of acquirement {unknown}
 e - a scroll of fear {unknown}
Potions
 b - a potion of magic
 f - a potion of degeneration {unknown}


   Skills:
 + Level 2.4 Dodging
 - Level 1.4 Stealth
 + Level 2.7 Spellcasting
 + Level 5.1 Ice Magic


You had 3 spell levels left.
You knew the following spells:

 Your Spells              Type           Power      Damage    Failure   Level
a - Freeze                Ice            88%        1d10      1%          1
b - Frozen Ramparts       Ice            44%        1d7       5%          3

Your spell library contained the following spells:

 Spells                   Type           Power      Damage    Failure   Level
 Ozocubu's Armour         Ice            22%        N/A       5%          3
 Hailstorm                Conj/Ice       12%        3d5       47%         4


Dungeon Overview and Level Annotations

Branches:
Dungeon (4/15) Zot: 2143
 Temple: D:4-7

Altars:

Annotations:
D:4 Eustachio


Innate Abilities, Weirdness & Mutations

You passively map a small area around you.
You are easily found by Zot.
You glow in the dark.
You regain HP and MP as you explore.


Message History

You start memorising the spell.
You continue memorising. x3
You finish memorising.
Spell assigned to 'b'.
You open the door.
There is an open door here.
An ogre comes into view. It is wielding a +0 giant club.
Casting: Freeze (safe; 1% risk of failure)
Confirm with . or Enter, or press ? or * to list all spells.
The spell is quite dangerous to miscast (5% risk of failure)!
Continue anyway?
Casting: Frozen Ramparts (quite dangerous; 5% risk of failure)
Press: ? - help, Dir - look around, f - activate The walls around you are covered in ice.
The wall freezes the ogre.
Casting: Frozen Ramparts (quite dangerous; 5% risk of failure)
Confirm with . or Enter, or press ? or * to list all spells.
Aiming: Freeze (safe; 1% risk of failure)
Press: ? - help, Shift-Dir - straight line, f - ogre
Aim: an ogre, wielding a +0 giant club (moderately wounded)
You freeze the ogre.
The ogre is moderately wounded.
The wall freezes the ogre.
The ogre hits you with a +0 giant club!
Ouch! That really hurt!
Casting: Freeze (safe; 1% risk of failure)
Confirm with . or Enter, or press ? or * to list all spells.
Aiming: Freeze (safe; 1% risk of failure)
Press: ? - help, Shift-Dir - straight line, f/p - ogre
Aim: an ogre, wielding a +0 giant club (moderately wounded)
You freeze the ogre.
The ogre is moderately wounded.
Unknown command.
Casting: Freeze (safe; 1% risk of failure)
Confirm with . or Enter, or press ? or * to list all spells.
Aiming: Freeze (safe; 1% risk of failure)
Press: ? - help, Shift-Dir - straight line, f/p - ogre
Aim: an ogre, wielding a +0 giant club (moderately wounded)
You freeze the ogre.
The ogre is heavily wounded.
The wall freezes the ogre.
The ogre hits you with a +0 giant club!!
Ouch! That really hurt!
You die...

#####.#.#
##.......##
#.#.#.##.# ** ###.#
##.....##
#.###.##.#
#.......# ##...##
#.###.##.#
#.......# ##'##
#....†<..#
#.......#
##.###########.####
#@......#
#........# #.#
#.......#
#..#####.# #.#
#.......# ##...##
#.# #.......#
#..@O.# #.# ##....#
* #.# , ....#....
,,..# *
###..#####.# ###
#... , ##.# ****
#.# #.#


You could see an ogre.

Vanquished Creatures
  An adder (D:4)
  A dart slug (D:4)
  2 ball pythons
  A giant cockroach (D:4)
  A kobold (D:2)
  A rat (D:2)
7 creatures vanquished.

Notes
Turn   | Place    | Note
-------+----------+-------------------------------------------
     0 | D:1      | hawla the Meteoran Ice Elementalist began the quest for the
                  | Orb.
     0 | D:1      | Reached XP level 1. HP: 14/14 MP: 5/5
   138 | D:4      | Reached XP level 2. HP: 17/20 MP: 2/6
   210 | D:4      | Reached skill level 5 in Ice Magic
   210 | D:4      | Reached XP level 3. HP: 20/26 MP: 2/8
   230 | D:4      | Noticed Eustachio
   243 | D:4      | Learned a level 3 spell: Frozen Ramparts
   252 | D:4      | Noticed an ogre
   257 | D:4      | Mangled by an ogre

Illustrated notes

Levels and vault maps discovered:
D:1:      mushboom_english_gardens, layout_basic,
          shapermc_ecumenical_altar_mp_urbaneastern
D:2:      layout_loops_ring, minmay_pentomino_s2
D:3:      layout_loops_corners, hex_medium, grunt_ministairs_14,
          minmay_misc_feat_four_crosses, uniq_ijyb
D:4:      layout_loops_corners, ebering_ghost_sewer_d, uniq_edmund,
          uniq_eustachio

Skill      XL: |  1  2 |
---------------+-------+-----
Ice Magic      | 5 |  5.1
Dodging        | |  2.4
Stealth        | |  1.4
Spellcasting   | |  2.7

Action                   || total
-------------------------++-------
Melee: Unarmed           ||     3
 Cast: Freeze            ||    18
       Frozen Ramparts   ||     1
Armor: Robe              ||     1
Dodge: Dodged            ||     5
